 Dungeon Crawl Stone Soup version 0.29.1-1-gd02db6906a (webtiles) character file.

Game seed: 5589645048699702649

356 mtoz the Conjurer (level 6, -14/32 HPs)
             Began as a Deep Elf Conjurer on Sept 24, 2022.
             Shot with a bolt by an orc warrior (15 damage)
             ... on level 5 of the Dungeon.
             The game lasted 00:17:20 (4234 turns).

mtoz the Conjurer (Deep Elf Conjurer)               Turns: 4234, Time: 00:17:20

Health: -14/32     AC:  3    Str:  4    XL:     6   Next: 36%
Magic:  14/14      EV: 13    Int: 27    God:
Gold:   259        SH:  0    Dex: 15    Spells: 4/13 levels left

rFire   + . .      SeeInvis +   (no weapon)
rCold   + . .      Faith    .   (no shield)
rNeg    . . .      Spirit   .   a - +0 robe
rPois   .          Reflect  .   (no helmet)
rElec   .          Harm     .   q - +0 cloak "Vemu" {rC+}
rCorr   .          Rampage  .   (no gloves)
Will    .....                   (no boots)
Stlth   +++.......              (no amulet)
HPRegen 0.10/turn               m - ring of Gask {Wiz rF+ Int+2 Dex+2 SInv}
MPRegen 0.14/turn               n - ring of wizardry

@: no status effects
A: no striking features
a: no special abilities


You were on level 5 of the Dungeon.
You visited 1 branch of the dungeon, and saw 5 of its levels.

You collected 259 gold pieces.

Inventory:

Armour
 a - a +0 robe (worn)
 q - the +0 cloak "Vemu" (worn) {rC+}
   (You found it on level 3 of the Dungeon)

   rC:        It protects you from cold.
 s - the +1 ring mail of Modesty {rC+}
   (You found it on level 3 of the Dungeon)

   rC:        It protects you from cold.
 z - a +0 ring mail
Jewellery
 m - the ring of Gask (left hand) {Wiz rF+ Int+2 Dex+2 SInv}
   (You found it on level 2 of the Dungeon)

   [ring of wizardry]

   It improves your spell success rate.
   Int:       It affects your intelligence (+2).
   Dex:       It affects your dexterity (+2).
   rF:        It protects you from fire.
   SInv:      It lets you see invisible.
 n - a ring of wizardry (right hand)
 t - a ring of wizardry
Wands
 p - a wand of mindburst (14)
 v - a wand of digging (2)
Scrolls
 d - a scroll of vulnerability {unknown}
 e - 2 scrolls of fear {unknown}
 f - a scroll of magic mapping {unknown}
 h - a scroll of enchant armour {unknown}
 k - 6 scrolls of identify
 l - a scroll of summoning {unknown}
 o - a scroll of poison {unknown}
 r - 3 scrolls of enchant weapon {unknown}
 w - a scroll of amnesia {unknown}
 y - a scroll of teleportation {unknown}
Potions
 b - a potion of magic
 c - a potion of ambrosia
 g - a potion of invisibility
 i - a potion of resistance {unknown}
 j - a potion of flight {unknown}
 u - 2 potions of might {unknown}
 x - a potion of berserk rage {unknown}


   Skills:
 + Level 1.5 Armour
 + Level 3.7 Dodging
 + Level 3.8 Stealth
 + Level 4.2 Spellcasting
 + Level 5.0 Conjurations
 + Level 2.5 Hexes
 + Level 1.9 Invocations
 + Level 2.4 Evocations


You had 4 spell levels left.
You knew the following spells:

 Your Spells              Type           Power      Damage    Failure   Level
a - Magic Dart            Conj           100%       1d8       1%          1
b - Searing Ray           Conj           64%        2d6       1%          2
c - Fulminant Prism       Conj/Hex       13%        3d9       4%          4
d - Blink                 Tloc           10%        N/A       3%          2

Your spell library contained the following spells:

 Spells                   Type           Power      Damage    Failure   Level
 Dazzling Flash           Conj/Hex       52%        N/A       1%          3
 Lesser Beckoning         Tloc           5%         N/A       7%          3
 Iskenderun's Mystic Bla  Conj/Tloc      19%        2d6       8%          4
 Manifold Assault         Tloc           5%         N/A       45%         5


Dungeon Overview and Level Annotations

Branches:
Dungeon (5/15)
 Temple: D:4-7

Altars:
Dithmenos
Fedhas
Kikubaaqudgha

Shops:
D:1 (   D:2 *


Message History

Confirm with . or Enter, or press ? or * to list all spells.
The spell is quite dangerous to miscast (4% risk of failure)!
Continue anyway?
Aiming: Fulminant Prism (quite dangerous; 4% risk of failure)
Press: ? - help, Dir - move target You conjure a prism of explosive energy!
A fulminant prism comes into view.
The orc warrior shoots a bolt.
The bolt closely misses you.
Aiming: Magic Dart (safe; 1% risk of failure)
Press: ? - help, Q - select action, (/) - cycle Shift-Dir - straight line, f - orc warrior
Aim: an orc warrior, wielding a +0 arbalest and wearing a +0 plate armour (100% to hit)
The magic dart hits the orc warrior but does no damage.
The orc hits your fulminant prism but does no damage.
The orc warrior shoots a bolt.
The bolt misses you.
Your fulminant prism crackles loudly.
Aiming: Magic Dart (safe; 1% risk of failure)
Press: ? - help, Q - select action, (/) - cycle Shift-Dir - straight line, f/p - orc warrior
Aim: an orc warrior, wielding a +0 arbalest and wearing a +0 plate armour (100% to hit)
The magic dart hits the orc warrior but does no damage.
The orc warrior shoots a bolt.
The bolt barely misses you.
Your fulminant prism explodes!
You feel a bit more experienced.
The blast of energy engulfs the orc warrior but does no damage.
You hear an angry growl.
You hear a shout!
Aiming: Magic Dart (safe; 1% risk of failure)
Press: ? - help, Q - select action, (/) - cycle Shift-Dir - straight line, f/p - orc warrior
Aim: an orc warrior, wielding a +0 arbalest and wearing a +0 plate armour (100% to hit)
Okay, then.
There is a stone staircase leading up here.
You climb upwards.
There is a stone staircase leading down here.
You start resting.
Magic restored.
You climb downwards.
The orc warrior shoots a bolt.
The bolt barely misses you.
The ogre hits you with a +0 giant club!!
Ouch! That really hurt!
* * * LOW HITPOINT WARNING * * *
There is a stone staircase leading up, spattered with blood here.
Okay, then.
The orc warrior shoots a bolt.
The bolt hits you!
You die...

###
#.########...
#.........+
#.....#####
##O.#.#
#@....#
#...##..#
#>####.[o..
#. #...... #
#...o...
....O..
.......


You could see an orc warrior and an ogre.

Vanquished Creatures
  A howler monkey (D:4)
  2 hounds (D:4)
  An orc priest (D:5)
  An iguana (D:5)
  2 orc wizards
  Terence (D:3)
  3 adders
  An ufetubus (D:4)
  9 orcs
  8 ball pythons
  6 bats
  6 endoplasms
  2 giant cockroaches
  8 goblins
  5 hobgoblins
  6 jackals
  6 quokkas
  6 frilled lizards
  7 kobolds
  9 rats
90 creatures vanquished.

Vanquished Creatures (others)
  2 fulminant prisms (D:5)
  4 plants (D:3)
6 creatures vanquished.

Grand Total: 96 creatures vanquished

Notes
Turn   | Place    | Note
-------+----------+-------------------------------------------
     0 | D:1      | mtoz the Deep Elf Conjurer began the quest for the Orb.
     0 | D:1      | Reached XP level 1. HP: 10/10 MP: 6/6
    61 | D:1      | Reached XP level 2. HP: 15/15 MP: 0/8
   353 | D:1      | Learned a level 2 spell: Searing Ray
   372 | D:1      | Found Faokai's Weapon Shoppe.
   553 | D:1      | Reached skill level 1 in Evocations
   553 | D:1      | Reached XP level 3. HP: 19/19 MP: 3/9
   613 | D:1      | Found a faded altar of an unknown god.
   637 | D:1      | Reached skill level 1 in Hexes
   951 | D:2      | Found Xuotuurr's General Store.
  1489 | D:2      | Identified the +6 dagger "Gocositt" {pain, rElec Will+
                  | Str+4 Dex+5}
  1521 | D:2      | Identified the ring of Gask {Wiz rF+ Int+2 Dex+2 SInv}
  1613 | D:2      | Reached XP level 4. HP: 22/24 MP: 8/11
  1773 | D:3      | Learned a level 4 spell: Fulminant Prism
  1777 | D:3      | Identified the +0 cloak "Vemu" {rC+}
  2085 | D:3      | Found a blossoming altar of Fedhas.
  2151 | D:3      | Noticed Terence
  2155 | D:3      | Killed Terence
  2156 | D:3      | Reached skill level 1 in Armour
  2156 | D:3      | Reached skill level 1 in Invocations
  2625 | D:3      | Identified the +1 ring mail of Modesty {rC+}
  2924 | D:4      | Reached XP level 5. HP: 28/28 MP: 9/12
  3051 | D:4      | Learned a level 2 spell: Blink
  3072 | D:4      | Found an ancient bone altar of Kikubaaqudgha.
  3294 | D:4      | Found a shadowy altar of Dithmenos.
  3717 | D:4      | Reached XP level 6. HP: 30/32 MP: 5/14
  4042 | D:5      | Entered Level 5 of the Dungeon
  4093 | D:5      | Reached skill level 5 in Conjurations
  4095 | D:5      | Noticed an orc warrior
  4233 | D:5      | HP: 1/32 [ogre/+0 giant club (31)]
  4234 | D:5      | Shot with a bolt by an orc warrior

Illustrated notes

Levels and vault maps discovered:
D:1:      dpeg_arrival_lava_temple_mockup, layout_rooms, serial_shops,
          nicolae_shop_bloodbath_and_beyond, ebering_ecumenical_altar_abandoned,
          corexii_item_surrounded_by_moat
D:2:      layout_rooms, serial_shops, nicolae_diamond_shop,
          grunt_decor_resistance
D:3:      layout_loops_ring, fedhas_ov_isle_minmay, uniq_terence
D:4:      layout_gridville, mainiacjoe_overflow_paths, overflow_temple_1_default
D:5:      layout_basic, nicolae_uskayaw_dance_hall, serial_shops, shop_fountains

Skill      XL: |  1  2  3  4  5  6 |
---------------+-------------------+-----
Evocations     | 1 2 |  2.4
Hexes          | 1 2 |  2.5
Stealth        | 3 |  3.8
Dodging        | 3 |  3.7
Armour         | 1 |  1.5
Invocations    | 1 |  1.9
Spellcasting   | 4 |  4.2
Conjurations   | 5 |  5.0

Action                   |  1- 3 |  4- 6 || total
-------------------------+-------+-------++-------
 Cast: Magic Dart        |    80 |    92 ||   172
       Searing Ray       |     1 |     3 ||     4
       Blink             |       |     1 ||     1
       Fulminant Prism   |       |     2 ||     2
Evoke: Wand              |       |     2 ||     2
  Use: Scroll            |     2 |       ||     2
Armor: Robe              |     3 |       ||     3
Dodge: Dodged            |     1 |     8 ||     9
